 Dungeon Crawl Stone Soup version 0.21.0-3-g78d12a8 (webtiles) character file.

182 negitausen the Chopper (level 5, -3/47 HPs)
             Began as a Minotaur Berserker on Jan 13, 2018.
             Was a Believer of Trog.
             Slain by Grinder (10 damage)
             ... on level 3 of the Dungeon.
             The game lasted 00:09:46 (1299 turns).

negitausen the Chopper (Minotaur Berserker)         Turns: 1299, Time: 00:09:46

Health: -3/47      AC:  4    Str: 23    XL:     5   Next: 35%
Magic:  4/4        EV: 12    Int:  4    God:    Trog [**....]
Gold:   69         SH:  0    Dex:  9    Spells: 4/4 levels left

rFire    . . .     SeeInvis .   a - +0 hand axe
rCold    . . .     Gourm    .   (no shield)
rNeg     . . .     Faith    .   (no armour)
rPois    .         Spirit   .   (helmet restricted)
rElec    .         Reflect  .   k - +0 cloak
rCorr    .         Harm     .   f - +2 pair of gloves
MR       .....                  (no boots)
Stlth    +.........             (no amulet)
HPRegen  0.15/turn              (no ring)
MPRegen  0.09/turn              (no ring)

@: no status effects
A: retaliatory headbutt, horns 2
a: Berserk, Trog's Hand, Burn Spellbooks, Renounce Religion


You were on level 3 of the Dungeon.
You worshipped Trog.
Trog was pleased with you.
You were hungry.

You visited 1 branch of the dungeon, and saw 3 of its levels.

You collected 69 gold pieces.

Inventory:

Hand Weapons
 a - a +0 hand axe (weapon)
 d - a +2 flail of holy wrath
 e - a +0 hand axe
 j - a +2 quarterstaff of chaos
Armour
 b - a +0 animal skin
 f - a +2 pair of gloves (worn)
 g - a +0 leather armour
 k - a +0 cloak (worn)
 l - a +0 chain mail
Wands
 i - a wand of random effects (21)
Scrolls
 h - 2 scrolls of teleportation {unknown}
Comestibles
 c - 5 rations


   Skills:
 + Level 4.5 Fighting
 * Level 6.1 Axes
 + Level 2.7 Armour
 + Level 2.8 Dodging
 + Level 1.0 Stealth


You had 4 spell levels left.
You didn't know any spells.

Dungeon Overview and Level Annotations

Branches:
Dungeon (3/15)

Altars:

Annotations:
D:3 Grinder


Innate Abilities, Weirdness & Mutations

You reflexively headbutt those who attack you in melee.
You have a pair of horns on your head.


Message History

You continue taking off your +0 leather armour. x4
Your skin stops crawling.
You feel less resistant to hostile enchantments.
Grinder blinks!
You finish taking off your +0 leather armour.
Grinder gestures at you. Pain shoots through your body!
Grinder says, "Just stop there for a second..."
Grinder gestures at you.
You suddenly lose the ability to move!
Grinder gestures at you. Pain shoots through your body!
* * * LOW HITPOINT WARNING * * *
You can move again.
Grinder gestures at you. Pain shoots through your body!
* * * LOW HITPOINT WARNING * * *
A rat comes into view.
Grinder hits you!
You die...

. ###.........#
...####...........#
..................#
.......###........#$##
.r..##........<†.......
#........#####.........
#........# #.........
.........# #.........
#...).5@.#####.........
#......................
#........#####....5...<
#........# #........
##########


You could see Grinder and a rat.

Vanquished Creatures
  Crazy Yiuf (D:2)
  Jessica (D:2)
  Terence (D:3)
  Natasha (D:3)
  2 adders
  An ooze (D:2)
  A worm (D:2)
  2 dart slugs (D:2)
  3 leopard geckos
  6 bats
  2 giant cockroaches (D:1)
  4 goblins
  7 hobgoblins
  4 kobolds
  3 ball pythons
  3 frilled lizards
  11 rats
  4 fungi (D:2)
57 creatures vanquished.

Vanquished Creatures (others)
  A goblin (D:2)
1 creature vanquished.

Grand Total: 58 creatures vanquished

Notes
Turn   | Place    | Note
-------+----------+-------------------------------------------
     0 | D:1      | negitausen the Minotaur Berserker began the quest for the Orb.
     0 | D:1      | Reached XP level 1. HP: 19/19 MP: 0/0
   148 | D:1      | Reached XP level 2. HP: 24/27 MP: 1/1
   190 | D:1      | Reached skill level 4 in Axes
   549 | D:2      | Reached XP level 3. HP: 32/33 MP: 2/2
   552 | D:2      | Reached ** piety under Trog
   642 | D:2      | Noticed Jessica
   662 | D:2      | Killed Jessica
   662 | D:2      | Reached skill level 5 in Axes
   662 | D:2      | Reached XP level 4. HP: 25/40 MP: 3/3
   901 | D:2      | Found a runed door.
   905 | D:2      | Noticed Crazy Yiuf
   912 | D:2      | Killed Crazy Yiuf
  1254 | D:3      | Noticed Terence
  1254 | D:3      | Noticed Grinder
  1254 | D:3      | Noticed Natasha
  1257 | D:3      | Reached skill level 1 in Stealth
  1264 | D:3      | Killed Terence
  1264 | D:3      | Reached XP level 5. HP: 21/47 MP: 4/4
  1269 | D:3      | Killed Natasha
  1269 | D:3      | Reached skill level 6 in Axes
  1271 | D:3      | Paralysed by Grinder for 6 turns
  1294 | D:3      | Paralysed by Grinder for 4 turns
  1299 | D:3      | Slain by Grinder

Skill      XL: |  1  2  3  4  5 |
---------------+----------------+-----
Fighting       | 4 |  4.5
Axes           | 4 5 6 |  6.1
Stealth        | 1 |  1.0
Armour         | |  2.7
Dodging        | |  2.8

Action                   |  1- 3 |  4- 6 || total
-------------------------+-------+-------++-------
Melee: Hand axe          |    69 |    59 ||   128
       Headbutt          |     8 |    16 ||    24
Invok: Trog's Hand       |       |     1 ||     1
  Use: Scroll            |     4 |       ||     4
       Potion            |     1 |     2 ||     3
 Stab: Sleeping          |     1 |       ||     1
  Eat: Chunk             |       |     1 ||     1
Armor: Animal skin       |     5 |       ||     5
       Leather armour    |     3 |    15 ||    18
Dodge: Dodged            |    42 |    25 ||    67
